 Dungeon Crawl Stone Soup version 0.25-a0-589-g1e14c549ee (webtiles) character file.

Game seed: 1964839934348466606, levelgen mode: deterministic

79 KiliKikkendorf the Cudgeler (level 4, 0/42 HPs)
             Began as a Troll Warper on Mar 9, 2020.
             Killed from afar by a white imp (10 damage)
             ... with a puff of frost
             ... summoned by Natasha
             ... on level 1 of the Dungeon.
             The game lasted 00:12:41 (1375 turns).

KiliKikkendorf the Cudgeler (Troll Warper)          Turns: 1375, Time: 00:12:42

Health: 0/42       AC:  6    Str: 19 (20) XL:     4   Next: 16%
Magic:  5/5        EV: 10    Int:  7 (9)  God:
Gold:   56         SH:  0    Dex:  9      Spells: 6/6 levels left

rFire    . . .     SeeInvis .   a - +0 mace
rCold    . . .     Gourm    +   (no shield)
rNeg     . . .     Faith    +   b - +0 robe
rPois    +         Spirit   .   (helmet restricted)
rElec    .         Reflect  .   (no cloak)
rCorr    .         Harm     .   (gloves unavailable)
MR       .....                  (boots unavailable)
Stlth    +.........             i - amulet of faith
HPRegen  0.54/turn              h - ring of poison resistance
MPRegen  0.09/turn              (no ring)

@: no status effects
A: large, unfitting armour, claws 3, fast metabolism 3, gourmand, regeneration
1, shaggy fur 1, tough skin 3
a: no special abilities


You were on level 1 of the Dungeon.
You were not hungry.

You visited 1 branch of the dungeon, and saw 2 of its levels.

You collected 56 gold pieces.

Inventory:

Hand Weapons
 a - a +0 mace (weapon)
 c - a +3 short sword
Missiles
 e - 3 boomerangs of dispersal (quivered)
Armour
 b - a +0 robe (worn)
Jewellery
 h - a ring of poison resistance (left claw)
 i - an amulet of faith (around neck)
Scrolls
 d - 2 scrolls of blinking
 g - a scroll of remove curse
 k - a scroll of enchant armour
 l - a scroll of identify
Potions
 j - a potion of curing
Comestibles
 f - 4 rations


   Skills:
 + Level 2.0 Fighting
 + Level 2.6 Maces & Flails
 + Level 0.9 Throwing
 + Level 2.5 Dodging
 + Level 1.7 Spellcasting
   Level 2.1 Translocations


You had 6 spell levels left.
You didn't know any spells.
Your spell library contained the following spells:

 Spells                   Type           Power        Failure   Level  Hunger
 Blink                    Tloc           N/A          24%         2    ###....
 Shroud of Golubria       Chrm/Tloc      #.....       36%         2    ###....
 Gell's Gravitas          Tloc           #.........   43%         3    ####...
 Lesser Beckoning         Tloc           #.........   43%         3    ####...
 Teleport Other           Tloc           #.......     43%         3    ####...
 Passage of Golubria      Tloc           N/A          85%         4    #####..


Dungeon Overview and Level Annotations

Branches:
Dungeon (2/15)

Altars:

Annotations:
D:1 Natasha


Innate Abilities, Weirdness & Mutations

You are too large for most types of armour.
You have claws for hands.
Your metabolism is lightning-fast.
You like to eat raw meat.
Your natural rate of healing is unusually fast.
You are covered in fur. (AC +1)
You have extremely tough skin. (AC +3)


Message History

You kill the white imp!
Natasha stares at you and mumbles some strange words.
The magic dart hits you.
* * * LOW HITPOINT WARNING * * *
Unknown command.
The crimson imp blinks!
Natasha howls an incantation.
Natasha glows brightly for a moment.
Natasha stares at you and mumbles some strange words.
The magic dart hits you.
* * * LOW HITPOINT WARNING * * *
As you open the door, it creaks loudly!
Natasha stares at you and mumbles some strange words.
You resist with some effort.
There is an open door here.
Natasha mumbles some strange words.
The crimson imp blinks!
The white imp gestures at you. The puff of frost hits you!
You die...

.#.......# ##...## #.#.####
.#.......# ##.....## #.#.#
........## ##.......## ##.#.###
####....####....5....####......#
...........'.........ยง.......#.#
#####...####.........####...##.#
#..## ##.....5.######.###.##
###.## ##.....##............
#.).# ##.@h###.#####5##.## #.###
##'## #.#####.##.# #.# #.#
#.##...>...# #.####### #.#
#.##.##.#### #.......#
##.####.##.##.# #.#####.#
##.............# ##.## #.#
#.....####..####
#...####.#####...#####..#
#.#.....................#


You could see Natasha, a crimson imp and a white imp.

Vanquished Creatures
  Natasha (D:2)
  An adder (D:2)
  An ooze (D:2)
  A dart slug (D:1)
  10 bats
  A giant cockroach (D:1)
  3 hobgoblins (D:1)
  5 jackals
  4 frilled lizards
  2 goblins (D:1)
  5 kobolds
  5 rats (D:1)
39 creatures vanquished.

Notes
Turn   | Place    | Note
-------+----------+-------------------------------------------
     0 | D:1      | KiliKikkendorf the Troll Warper began the quest for the
                  | Orb.
     0 | D:1      | Reached XP level 1. HP: 19/19 MP: 1/1
   174 | D:1      | Reached XP level 2. HP: 28/28 MP: 3/3
   339 | D:1      | You fall into a shaft and drop 1 floor!
   508 | D:2      | Reached XP level 3. HP: 33/35 MP: 4/4
   549 | D:2      | Noticed Natasha
   556 | D:2      | Killed Natasha
   936 | D:1      | Reached XP level 4. HP: 40/42 MP: 5/5
  1340 | D:2      | Noticed Natasha
  1375 | D:1      | Killed from afar by a white imp

Levels and vault maps discovered:
D:1:      co_arrival_square_in_a_square_in_a_square, layout_loops_corners,
          kennysheep_small_spiral
D:2:      layout_basic, vehumet_crystals, first_ration, uniq_natasha

Skill      XL: |  1  2  3 |
---------------+----------+-----
Dodging        | 2 |  2.5
Maces & Flails | 2 |  2.6
Fighting       | 2 |  2.0
Throwing       | |  0.9
Spellcasting   | |  1.7
Translocations | |  2.1

Action                   |  1- 3 |  4- 6 || total
-------------------------+-------+-------++-------
Melee: Mace              |   125 |    41 ||   166
Throw: Boomerang         |     2 |       ||     2
  Use: Potion            |     5 |       ||     5
       Scroll            |     3 |     2 ||     5
  Eat: Chunk             |     8 |     1 ||     9
       Ration            |       |     1 ||     1
Armor: Robe              |   105 |    25 ||   130
Dodge: Dodged            |   109 |    50 ||   159

Table legend:
 A = Non-vault XP
 B = Vault XP
 C = Vault XP percentage of total XP
 D = Non-vault monster count
 E = Vault monster count
 F = Vault count percentage of total count
                 A         B        C        D         E       F
            +---------+---------+-------+---------+---------+-------
      Total |      78 |      35 |  31.0 |      38 |       1 |   2.6
            +---------+---------+-------+---------+---------+-------
        D:1 |      42 |       0 |   0.0 |      26 |       0 |   0.0
        D:2 |      36 |      35 |  49.3 |      12 |       1 |   7.7
            +---------+---------+-------+---------+---------+-------
